 Seeded DCSS version 0.30.1-3-gfc49f6343a (webtiles) character file.

Game seed: 20230804 (custom seed)

43 AccursedSamuel the Shield-Bearer (level 3, 0/36 HPs)
             Began as a Troll Fighter on Aug 9, 2023.
             Slain by an iguana (9 damage)
             ... on level 4 of the Dungeon.
             The game lasted 00:01:29 (399 turns).

AccursedSamuel the Shield-Bearer (Troll Fighter)     Turns: 399, Time: 00:01:30

Health: 0/36       AC:  4    Str: 26    XL:     3   Next: 37%
Magic:  2/2        EV:  9    Int:  4    God:
Gold:   61         SH:  7    Dex:  9    Spells: 2/2 levels left

rFire   . .          .
                       - Unarmed
rCold   . . .        b - +0 kite shield
rNeg    . . .        a - +0 robe
rPois   .            (helmet restricted)
rElec   .            (no cloak)
rCorr   .            (gloves unavailable)
SInv    .            (boots unavailable)
Will    .....        (no amulet)
Stlth   +            (no ring)
HPRegen 1.06/turn    (no ring)
MPRegen 0.08/turn

%: no passive effects
@: no status effects
A: large, unfitting armour, claws 3, regeneration 1, shaggy fur 1, tough skin 1
a: no special abilities


You were on level 4 of the Dungeon.
You visited 1 branch of the dungeon, and saw 4 of its levels.

You collected 61 gold pieces.

Inventory:

Armour
 a - a +0 robe (worn)
 b - a +0 kite shield (worn)
Scrolls
 d - a scroll of teleportation {unknown}
 f - a scroll of enchant weapon {unknown}
Potions
 c - a potion of might
 e - a potion of cancellation {unknown}
 g - a potion of curing {unknown}


   Skills:
 + Level 2.8 Fighting
 + Level 2.8 Dodging
 + Level 3.1 Shields
 + Level 2.4 Unarmed Combat


You had 2 spell levels left.
You didn't know any spells.
Your spell library contained the following spells:

 Spells                   Type           Power      Damage    Failure   Level
 Apportation              Tloc           0%         N/A       75%         1
 Summon Forest            Summ/Tloc      0%         N/A       100%        5
 Dispersal                Tloc           0%         N/A       100%        6


Dungeon Overview and Level Annotations

Branches:
Dungeon (4/15)
 Temple: D:4-7

Altars:


Innate Abilities, Weirdness & Mutations

You are too large for most types of armour.
You have claws for hands.
Your natural rate of healing is unusually fast.
You are covered in fur. (AC +1)
You have tough skin. (AC +1)


Message History

You claw the ball python!
You kill the ball python!
Found a bubbling cyan potion.
You hear the rusting of a distant drain.
g - a bubbling cyan potion An orc comes into view.
It is wielding a +0 morningstar.
An iguana comes into view.
The iguana hisses angrily.
A kobold comes into view.
It is wielding a +0 short sword. 2 orcs come into view.
The kobold shouts!
The orc shouts!
An orc comes into view. It is wielding a +0 dagger.
An orc priest comes into view. It is wielding a +0 hand axe.
The orc priest shouts!
You open the door.
The orc priest calls down the wrath of Beogh upon you.
Beogh smites you! The kobold closely misses you. The iguana bites you!
* * * LOW HITPOINT WARNING * * *
There is an open door, spattered with blood here.
The iguana hisses menacingly.
The iguana attacks as you move away! The iguana bites you.
* * * LOW HITPOINT WARNING * * *
The iguana bites you!
* * * LOW HITPOINT WARNING * * *
The iguana attacks as you move away! The iguana bites you.
* * * LOW HITPOINT WARNING * * *
The iguana attacks as you move away! You block the iguana's attack.
You scratch the iguana.
The iguana is lightly wounded.
The iguana barely misses you.
You claw the iguana!
The iguana is severely wounded.
You block the iguana's attack.
You barely miss the iguana.
The iguana is severely wounded.
The iguana barely misses you.
You barely miss the iguana.
The iguana is severely wounded.
The iguana bites you!
You die...

##############
#oo.ooKl@....#
#o##########.#
######'##
#....ooo#########
+................
#.........#....##
...o.....#.# ...#
.........#.# ..#
.........#.# .#


You could see an iguana, an orc priest, 4 orcs and a kobold.

Vanquished Creatures
  A hound (D:4)
  A worm (D:3)
  A giant cockroach (D:3)
  2 jackals (D:4)
  3 quokkas
  A ball python (D:4)
  A goblin (D:4)
10 creatures vanquished.

Notes
Turn   | Place    | Note
-------+----------+-------------------------------------------
     0 | D:1      | AccursedSamuel the Troll Fighter began the quest for the
                  | Orb.
     0 | D:1      | Reached XP level 1. HP: 22/22 MP: 0/0
   134 | D:3      | Got the Almanac of Location
   191 | D:4      | Reached XP level 2. HP: 29/29 MP: 1/1
   261 | D:4      | Reached skill level 3 in Shields
   261 | D:4      | Reached XP level 3. HP: 33/36 MP: 2/2
   389 | D:4      | HP: 1/36 [iguana (9)]
   399 | D:4      | Slain by an iguana

Illustrated notes

Levels and vault maps discovered:
D:1:      roderic_octagonal_star, layout_basic,
          hellmonk_ecumenical_altar_run_dry, minmay_box_of_dots
D:2:      layout_loops_ring
D:3:      layout_basic, serial_aquarium, aquarium_bridge_long_separate
          [aquarium_subvault_wall, aquarium_subvault_wall,
          aquarium_subvault_bridge, aquarium_subvault_wall,
          aquarium_subvault_bridge, aquarium_subvault_bridge],
          aquarium_window_1, aquarium_window_fake, aquarium_view_2d,
          aquarium_view_4, aquarium_pool_1
D:4:      layout_basic, gammafunk_temple_overflow_forgotten,
          portal_sewer_entry_b

Skill      XL: |  1  2 |
---------------+-------+-----
Shields        | 3 |  3.1
Fighting       | |  2.8
Dodging        | |  2.8
Unarmed Combat | |  2.4

Action                     || total
---------------------------++-------
  Melee: Unarmed           ||    35
 Armour: Robe              ||    16
  Dodge: Dodged            ||    17
  Block: Kite shield       ||    12
